 Dungeon Crawl Stone Soup version 0.25-a0-544-gee0576305d (webtiles) character file.

Game seed: 7572041400277038438, levelgen mode: deterministic

146 vurker the Gusty (level 5, 5/22 HPs)
             Began as a Felid Air Elementalist on Feb 20, 2020.
             Quit the game on level 3 of the Dungeon.
             The game lasted 00:04:14 (2625 turns).

vurker the Gusty (Felid Air Elementalist)           Turns: 2625, Time: 00:04:14

Health: 5/22       AC:  1    Str:  9    XL:     5   Next: 7%
Magic:  8/11       EV: 18    Int: 17    God:
Gold:   152        SH:  0    Dex: 17    Spells: 9/10 levels left
                                        Lives:  1   Deaths: 0

rFire    + . .     SeeInvis +   (weapon unavailable)
rCold    . . .     Gourm    .   (shield unavailable)
rNeg     . . .     Faith    .   (armour unavailable)
rPois    .         Spirit   .   (helmet unavailable)
rElec    .         Reflect  .   (cloak unavailable)
rCorr    .         Harm     .   (gloves unavailable)
MR       .....     Rnd*Tele +   (boots unavailable)
Stlth    +++.......             (no amulet)
HPRegen  0.07/turn              g - ring of teleportation (curse)
MPRegen  0.12/turn              (no ring)

@: mighty, lethally poisoned (5 -> -1), quick
A: very small, no armour, no weapons or thrown items, stealth, claws 1, fangs 3,
see invisible, carnivore, fire resistance 1, speed 1, high mp 1, shaggy fur 1,
slow metabolism 1, sharp paws
a: no special abilities


You were on level 3 of the Dungeon.
You were completely stuffed.

You visited 1 branch of the dungeon, and saw 3 of its levels.

You collected 152 gold pieces.

Inventory:

Jewellery
 g - a cursed ring of teleportation (left paw)
   (You found it on level 1 of the Dungeon)
Scrolls
 b - a scroll of identify
Potions
 a - 2 potions of might
Comestibles
 e - 4 rations
 f - 2 chunks of flesh


   Skills:
 + Level 1.6 Fighting
 - Level 2.6 Dodging
 - Level 2.6 Stealth
 * Level 3.2 Spellcasting
 + Level 1.9 Conjurations
 * Level 3.7 Air Magic


You had 9 spell levels left.
You knew the following spells:

 Your Spells              Type           Power        Failure   Level  Hunger
a - Shock                 Conj/Air       ##..         5%          1    None

Your spell library contained the following spells:

 Spells                   Type           Power        Failure   Level  Hunger
 Swiftness                Chrm/Air       #.......     12%         2    ##.....
 Static Discharge         Conj/Air       ##......     16%         3    ###....
 Airstrike                Air            ###.......   36%         4    ####...
 Lightning Bolt           Conj/Air       ##........   83%         5    ######.


Dungeon Overview and Level Annotations

Branches:
Dungeon (3/15)

Altars:
Ru


Innate Abilities, Weirdness & Mutations

You cannot wear armour.
You are incapable of wielding weapons or throwing items.
Your paws allow you to move quietly. (Stealth)
You have sharp claws.
You have razor-sharp teeth.
You have supernaturally acute eyesight. (SInv)
You are carnivorous and can eat meat at any time.
You cover ground quickly.
You are covered in fur. (AC +1)
You have a slow metabolism.
Your sharp claws are effective at attacking unaware monsters.
Your flesh is heat resistant. (rF+)
You have an increased reservoir of magic. (+10% MP)


Message History

* * * LOW HITPOINT WARNING * * *
You feel sick. The worker ant closely misses you.
You barely miss the worker ant.
* * * LOW HITPOINT WARNING * * *
You feel sick. The worker ant closely misses you.
You feel much better. The worker ant bites you.
You are lethally poisoned!
The worker ant poisons you!
You scratch the worker ant.
You feel sick.
The worker ant bites you but does no damage.
You closely miss the worker ant.
You feel sick.
The kobold shouts!
The worker ant bites you but does no damage.
The worker ant bites you.
You claw the worker ant!
You kill the worker ant!
You have reached level 5!
You feel agile.
You feel sick.
Aim: a kobold, wielding a +0 whip The zap hits the kobold.
You kill the kobold!
* * * LOW HITPOINT WARNING * * *
You feel sick.
Okay, then.
* * * LOW HITPOINT WARNING * * *
You feel sick.
Found 9 stones.
* * * LOW HITPOINT WARNING * * *
You feel sick.
* * * LOW HITPOINT WARNING * * *
You feel sick.
* * * LOW HITPOINT WARNING * * *
You feel sick.
* * * LOW HITPOINT WARNING * * *
You feel sick.
Found a ration.
Things that are here:
9 stones; a potion of stabbing
* * * LOW HITPOINT WARNING * * *
You feel sick.
* * * LOW HITPOINT WARNING * * *
You feel sick.
Really quaff the potion of mutation?
You feel extremely strange.
Your rugged brown scales disappear.
Your yellow scales disappear.
You no longer feel heat resistant.
You feel more energetic.
You feel resistant to heat.
There is a lethal amount of poison in your body!
Unknown command.

.### #.# #.#. #.#
#..##.###.######.
#..##............
#######).######.#
..............(.#
######..######.#
#..# #.## #..#
#.@# #..# ##.#
#..# #.. #..#
#### ...# ###
#.## #.# #.# #.#
#.# ### ###.# )..
#.#.#


There were no monsters in sight!

Vanquished Creatures
  A worker ant (D:3)
  5 adders
  An ooze (D:2)
  2 worms (D:2)
  5 dart slugs
  A leopard gecko (D:2)
  5 bats
  3 giant cockroaches
  7 hobgoblins
  4 kobolds
  3 frilled lizards
  15 goblins
  4 rats
56 creatures vanquished.

Notes
Turn   | Place    | Note
-------+----------+-------------------------------------------
     0 | D:1      | vurker the Felid Air Elementalist began the quest for the
                  | Orb.
     0 | D:1      | Reached XP level 1. HP: 7/7 MP: 4/4
    83 | D:1      | Reached skill level 1 in Conjurations
   239 | D:1      | Reached XP level 2. HP: 8/12 MP: 0/6
   607 | D:1      | Gained mutation: You are partially covered in rugged brown
                  | scales. (AC +1, +3% HP) [potion of mutation]
   607 | D:1      | Gained mutation: You are partially covered in yellow
                  | scales. (AC +2) [potion of mutation]
   607 | D:1      | Gained mutation: Your flesh is heat resistant. (rF+)
                  | [potion of mutation]
   919 | D:2      | Reached XP level 3. HP: 15/15 MP: 7/7
   927 | D:2      | Reached skill level 1 in Fighting
  1507 | D:2      | Reached XP level 4. HP: 19/19 MP: 2/9
  2338 | D:2      | Found a sacrificial altar of Ru.
  2607 | D:3      | Reached XP level 5. HP: 12/22 MP: 7/10
  2623 | D:3      | Lost mutation: You are partially covered in rugged brown
                  | scales. (AC +1, +3% HP) [potion of mutation]
  2623 | D:3      | Lost mutation: You are partially covered in yellow scales.
                  | (AC +2) [potion of mutation]
  2623 | D:3      | Lost mutation: Your flesh is heat resistant. (rF+) [potion
                  | of mutation]
  2623 | D:3      | Gained mutation: You have an increased reservoir of magic.
                  | (+10% MP) [potion of mutation]
  2623 | D:3      | Gained mutation: Your flesh is heat resistant. (rF+)
                  | [potion of mutation]
  2625 | D:3      | Quit the game

Levels and vault maps discovered:
D:1:      tarquinn_simple_flora_water_a, layout_rooms
D:2:      kennysheep_the_goblin_king, layout_loops_ring,
          nicolae_ru_path_of_blood
D:3:      minmay_general_purpose_star, layout_loops_ring, first_ration,
          uniq_terence

Skill      XL: |  1  2  3  4 |
---------------+-------------+-----
Conjurations   | 1 |  1.9
Air Magic      | 3 |  3.7
Fighting       | 1 |  1.6
Spellcasting   | 3 |  3.2
Dodging        | |  2.6
Stealth        | |  2.6

Action                   |  1- 3 |  4- 6 || total
-------------------------+-------+-------++-------
Melee: Unarmed           |    22 |     9 ||    31
       Bite              |     1 |     1 ||     2
 Cast: Shock             |    74 |    58 ||   132
  Use: Scroll            |     3 |     1 ||     4
       Potion            |     1 |     3 ||     4
 Stab: Sleeping          |     2 |     1 ||     3
  Eat: Chunk             |     9 |     2 ||    11
Armor: Skin              |     9 |     4 ||    13
Dodge: Dodged            |    33 |    16 ||    49

Table legend:
 A = Non-vault XP
 B = Vault XP
 C = Vault XP percentage of total XP
 D = Non-vault monster count
 E = Vault monster count
 F = Vault count percentage of total count
                 A         B        C        D         E       F
            +---------+---------+-------+---------+---------+-------
      Total |     196 |      13 |   6.2 |      49 |       7 |  12.5
            +---------+---------+-------+---------+---------+-------
        D:1 |      40 |       0 |   0.0 |      18 |       0 |   0.0
        D:2 |      90 |      13 |  12.6 |      23 |       7 |  23.3
        D:3 |      66 |       0 |   0.0 |       8 |       0 |   0.0
            +---------+---------+-------+---------+---------+-------
